 Dungeon Crawl Stone Soup version 0.25-a0-734-g73332ae (webtiles) character file.

Game seed: 1895821894841243309, levelgen mode: deterministic

13205 BlueFish the Thaumaturge (level 11, -10/80 HPs)
             Began as a Mummy Wizard on Apr 9, 2020.
             Was a High Priest of Kikubaaqudgha.
             Mangled by a black mamba (12 damage)
             ... on level 4 of the Lair of Beasts.
             The game lasted 01:04:18 (21145 turns).

BlueFish the Thaumaturge (Mummy Wizard)            Turns: 21145, Time: 01:04:19

Health: -10/80     AC: 12    Str: 10    XL:     11   Next: 72%
Magic:  1/26       EV: 14    Int: 20    God:    Kikubaaqudgha [*****.]
Gold:   742        SH:  0    Dex: 12    Spells: 4/32 levels left

rFire    x . .     SeeInvis .   n - +0 quarterstaff
rCold    + . .     Gourm    .   (shield currently unavailable)
rNeg     + + +     Faith    .   q - +2 robe {rN+}
rPois    ∞         Spirit   .   b - +0 hat
rElec    .         Reflect  .   h - +0 cloak
rCorr    +         Harm     .   l - +0 pair of gloves
MR       +....                  o - +0 pair of boots
Stlth    +++.......             (no amulet)
HPRegen  0.23/turn              z - +5 ring of protection
MPRegen  0.20/turn              y - ring of resist corrosion

@: swift, very slightly contaminated, quick
A: no food or potions, fire vulnerability, cold resistance 1, negative energy
resistance 3, torment resistance, unbreathing
a: Receive Corpses, Torment, Renounce Religion


You were on level 4 of the Lair of Beasts.
You worshipped Kikubaaqudgha.
Kikubaaqudgha was extremely pleased with you.
You were not hungry.

You visited 3 branches of the dungeon, and saw 14 of its levels.

You collected 742 gold pieces.

Inventory:

Hand Weapons
 k - a +0 spear
 n - a +0 quarterstaff (weapon)
Missiles
 w - 4 silver boomerangs (quivered)
Armour
 b - a +0 hat (worn)
 h - a +0 cloak (worn)
 l - a +0 pair of gloves (worn)
 o - a +0 pair of boots (worn)
 q - a +2 robe of positive energy (worn)
Jewellery
 y - a ring of resist corrosion (right hand)
 z - a +5 ring of protection (left hand)
Wands
 c - a wand of enslavement (4)
 d - a wand of clouds (3)
 p - a wand of iceblast (36)
 t - a wand of flame (23)
 v - a wand of polymorph (7)
 x - a wand of digging (3)
Scrolls
 a - 2 scrolls of immolation
 e - 2 scrolls of identify
 f - 14 scrolls of remove curse
 i - 3 scrolls of amnesia
 m - 4 scrolls of enchant armour
 s - 2 scrolls of magic mapping
 u - 3 scrolls of noise


   Skills:
 * Level 5.4 Fighting
 + Level 0.5(3.2) Polearms
 * Level 5.1 Staves
 * Level 5.1 Dodging
 * Level 5.4 Stealth
 + Level 11.3 Spellcasting
 + Level 2.8 Conjurations
 + Level 3.0 Summonings
 * Level 8.4 Necromancy
 + Level 0.7 Translocations
 + Level 0.3 Air Magic
 + Level 1.1 Poison Magic
 * Level 5.3 Evocations


You had 4 spell levels left.
You knew the following spells:

 Your Spells              Type           Power        Failure   Level  Hunger
a - Pain                  Necr           ####         1%          1    N/A
b - Blink                 Tloc           N/A          7%          2    N/A
c - Call Imp              Summ           ###.....     2%          2    N/A
d - Slow                  Hex            ##......     9%          2    N/A
e - Mephitic Cloud        Conj/Pois/Air  ###.....     10%         3    N/A
f - Magic Dart            Conj           ###.         1%          1    N/A
g - Vampiric Draining     Necr           #####.....   1%          3    N/A
h - Corpse Rot            Necr/Air       N/A          1%          2    N/A
i - Dispel Undead         Necr           #####...     1%          4    N/A
j - Agony                 Necr           #####...     5%          5    N/A
k - Swiftness             Chrm/Air       ##......     9%          2    N/A
l - Animate Skeleton      Necr           N/A          1%          1    N/A

Your spell library contained the following spells:

 Spells                   Type           Power        Failure   Level  Hunger
 Summon Small Mammal      Summ           ###.         1%          1    N/A
 Animate Dead             Necr           N/A          1%          4    N/A
 Shock                    Conj/Air       ###.         3%          1    N/A
 Apportation              Tloc           ##....       4%          1    N/A
 Corona                   Hex            ##.....      6%          1    N/A
 Sticks to Snakes         Tmut           ##......     9%          2    N/A
 Conjure Flame            Conj/Fire      ###.....     10%         3    N/A
 Static Discharge         Conj/Air       ###.....     10%         3    N/A
 Portal Projectile        Hex/Tloc       ##....       16%         3    N/A
 Inner Flame              Hex/Fire       ##......     19%         3    N/A
 Airstrike                Air            ##........   47%         4    N/A
 Cause Fear               Hex            ##........   52%         4    N/A
 Leda's Liquefaction      Hex/Erth       ##........   52%         4    N/A
 Death Channel            Necr           #####.....   28%         6    N/A
 Borgnjor's Vile Clutch   Necr/Erth      ####......   30%         5    N/A
 Lightning Bolt           Conj/Air       ###.......   65%         5    N/A
 Simulacrum               Ice/Necr       ####......   86%         6    N/A
 Beastly Appendage        Tmut           Unusable     N/A         1    N/A
 Spider Form              Tmut/Pois      Unusable     N/A         3    N/A
 Ice Form                 Ice/Tmut       Unusable     N/A         4    N/A
 Blade Hands              Tmut           Unusable     N/A         5    N/A

Dungeon Overview and Level Annotations

Branches:
Dungeon (10/15)            Temple (1/1) D:5            Lair (2/6) D:10
  Swamp: Lair:2-4    Shoals: Lair:2-4     Snake: Lair:2-4    Spider: Lair:2-4
    Orc: D:9-12

Altars:
Ashenzari
Cheibriados
Dithmenos
Elyvilon
Fedhas
Gozag
Hepliaklqana
Kikubaaqudgha
Makhleb
Nemelex Xobeh
Okawaru
Qazlal
Ru
Sif Muna
Trog
Uskayaw
Vehumet
Wu Jian
Xom
Yredelemnul
Zin
The Shining One

Shops:
D:5 (   D:6 :

Annotations:
D:10 exclusion: 3 doors, Erica
Lair:4 1 runed translucent door, Erphocych's ghost, journeyman DEEE


Innate Abilities, Weirdness & Mutations

You do not eat or drink.
Your flesh is vulnerable to fire.
You are immune to poison.
Your flesh is cold resistant. (rC+)
You are immune to negative energy. (rN+++)
You are immune to unholy pain and torment.
You can survive without breathing.


Message History

As you read the scroll of blinking, it crumbles to dust.
Casting: Vampiric Draining (safe; 1% risk of failure)
Confirm with . or Enter, or press ? or * to list all spells.
You don't know that spell.
Casting: Vampiric Draining (safe; 1% risk of failure)
Confirm with . or Enter, or press ? or * to list all spells.
You don't have enough magic to cast that spell.
Casting: Vampiric Draining (safe; 1% risk of failure)
Confirm with . or Enter, or press ? or * to list all spells.
You feel quick.
The black mamba bites you but does no damage.
The black mamba barely misses you.
Okay, then.
The black mamba bites you.
* * * LOW HITPOINT WARNING * * *
You see here a gold piece.
A spiny frog comes into view.
The black mamba bites you!
You die...
Kikubaaqudgha rasps: "You have failed me!
Welcome... oblivion!"

.......♣≈≈≈P.#.. #..♣♣♣
†.....♣≈≈≈≈≈♣.Y.#.#...#.
.......≈≈≈≈≈....PY#...F###
.....P≈.≈;≈≈...........PP
......♣≈≈≈≈≈P....YY.....
......≈.≈≈≈≈..........##
.....♣≈≈ #.......# .....P≈P
#<....### ......≈. ##@...###
......P.≈.P #PS.....##
........♣P....##.!...#.#
.....≈.≈.$P#.##P$...###.......
....≈♣≈....#.##P.....#........
.....≈≈♣.....P##......##......
....♣≈♣♣..#..# #....#.......P.
.....≈≈......###...PP......###
.............##....PP.#....#


You could see a black mamba, 4 yaks and a spiny frog (wandering).

Vanquished Creatures
  An unseen horror (D:7)
  3 spiny frogs
  2 komodo dragons
  A troll (D:9)
  6 blink frogs
  A slime creature (D:7)
  3 hippogriffs
  A wraith (D:10)
  10 yaks
  A spriggan (D:7)
  2 humans (D:7)
  A basilisk (Lair:1)
  A steam dragon (D:10)
  2 water moccasins
  4 porcupines
  A hornet zombie (D:10)
  5 orc warriors
  4 sky beasts
  3 ice beasts
  A phantom (D:9)
  2 necrophages (D:10)
  3 ogres
  2 centaurs
  2 crocodiles (Lair:2)
  2 big kobolds
  3 bullfrogs
  A gnoll sergeant (D:9)
  Blork the orc (D:6)
  6 howler monkeys
  3 crimson imps
  A centaur skeleton (D:5)
  A hound (D:10)
  10 jellies
  A gnoll shaman (D:6)
  4 orc priests
  A bullfrog skeleton (D:8)
  12 orc wizards
  2 iguanas
  7 worker ants
  A hound skeleton (D:10)
  A worker ant zombie (D:5)
  11 gnolls
  A river rat (D:10)
  10 adders
  9 oozes
  5 adder skeletons
  A worm (D:4)
  4 leopard geckos
  33 orcs
  7 bats
  4 giant cockroaches
  3 goblins
  6 hobgoblins
  4 jackals
  12 kobolds
  4 quokkas
  A ball python (D:4)
  2 frilled lizards
  A jackal skeleton (D:8)
  A leopard gecko skeleton (D:4)
  A quokka zombie (D:6)
  11 rats
  A plant (Lair:4)
251 creatures vanquished.

Vanquished Creatures (collateral kills)
  A hydra (Lair:2)
  2 two-headed ogres
  4 blink frogs
  A yak (Lair:2)
  Menkaure (D:6)
  3 ogres
  2 bullfrogs
  3 scorpions
  A howler monkey (D:4)
  2 crimson imps (D:5)
  A bullfrog zombie (D:5)
  2 hounds
  Crazy Yiuf (D:2)
  Jessica (D:2)
  2 worker ants
  An iguana (D:5)
  2 orc wizards (D:5)
  Robin (D:3)
  A gnoll (D:9)
  2 adders
  A river rat (D:4)
  An ooze (D:4)
  3 worms
  5 orcs
  7 goblins (D:3)
  4 hobgoblins
  A jackal (D:1)
  2 kobolds (D:1)
  2 quokkas
  A ball python (D:4)
  A frilled lizard (D:1)
  2 rats
64 creatures vanquished.

Vanquished Creatures (others)
  13 fungi
  6 plants
19 creatures vanquished.

Grand Total: 334 creatures vanquished

Notes
Turn   | Place    | Note
-------+----------+-------------------------------------------
     0 | D:1      | BlueFish the Mummy Wizard began the quest for the Orb.
     0 | D:1      | Reached XP level 1. HP: 13/13 MP: 5/5
   387 | D:1      | Reached XP level 2. HP: 19/19 MP: 1/7
   391 | D:1      | Learned a level 2 spell: Blink
   394 | D:1      | Learned a level 2 spell: Call Imp
   397 | D:1      | Learned a level 2 spell: Slow
  1291 | D:2      | Reached skill level 1 in Conjurations
  1311 | D:2      | Reached skill level 5 in Spellcasting
  1311 | D:2      | Reached XP level 3. HP: 7/24 MP: 0/9
  1316 | D:2      | Learned a level 3 spell: Mephitic Cloud
  1967 | D:2      | Noticed Jessica
  1975 | D:2      | Killed Jessica
  1975 | D:2      | Reached skill level 1 in Fighting
  2122 | D:2      | Reached XP level 4. HP: 23/32 MP: 8/11
  2333 | D:2      | Found a faded altar of an unknown god.
  2426 | D:2      | Reached skill level 1 in Summonings
  2589 | D:2      | Found a runed translucent door.
  2590 | D:2      | Noticed Crazy Yiuf
  2613 | D:2      | Killed Crazy Yiuf
  3014 | D:3      | Found a bloodstained altar of Trog.
  3092 | D:3      | Found a blossoming altar of Fedhas.
  3328 | D:3      | Noticed Robin
  3351 | D:3      | Killed Robin
  3622 | D:3      | Reached XP level 5. HP: 36/37 MP: 1/13
  4039 | D:4      | Reached skill level 6 in Spellcasting
  4109 | D:4      | Noticed an ogre
  4125 | D:4      | Killed an ogre
  4660 | D:4      | Reached skill level 1 in Evocations
  4660 | D:4      | Reached XP level 6. HP: 44/44 MP: 4/15
  5489 | D:5      | Entered Level 5 of the Dungeon
  5766 | D:5      | Found a staircase to the Ecumenical Temple.
  5775 | Temple   | Entered the Ecumenical Temple
  5830 | Temple   | Became a worshipper of Kikubaaqudgha
  5866 | D:5      | Reached skill level 7 in Spellcasting
  5922 | D:5      | Found a shadowy altar of Dithmenos.
  5979 | D:5      | Reached XP level 7. HP: 50/50 MP: 10/17
  6732 | D:5      | Found Hytteah's Weapon Emporium.
  6807 | D:5      | Found a glowing silver altar of Zin.
  7088 | D:6      | Reached * piety under Kikubaaqudgha
  7088 | D:6      | Identified Kikubaaqudgha's Guide on Darkness (Kikubaaqudgha
                  | gifted it to you on level 6 of the Dungeon)
  7088 | D:6      | Received a gift from Kikubaaqudgha
  7101 | D:5      | Learned a level 1 spell: Pain
  7105 | D:5      | Learned a level 3 spell: Vampiric Draining
  7108 | D:5      | Learned a level 2 spell: Corpse Rot
  7640 | D:6      | Found an ancient bone altar of Kikubaaqudgha.
  7652 | D:6      | Reached skill level 1 in Staves
  7842 | D:6      | Reached skill level 8 in Spellcasting
  7939 | D:6      | Found Baicw's Book Emporium.
  7966 | D:6      | Reached skill level 1 in Necromancy
  7966 | D:6      | Reached XP level 8. HP: 57/57 MP: 14/20
  8065 | D:6      | Found a radiant altar of Vehumet.
  8307 | D:6      | Noticed Blork the orc
  8319 | D:6      | Killed Blork the orc
  8911 | D:6      | Noticed Menkaure
  8937 | D:6      | Killed Menkaure
  9029 | D:6      | Found a stormy altar of Qazlal.
  9382 | D:7      | Found an ornate altar of the Wu Jian Council.
  9389 | D:7      | Reached ** piety under Kikubaaqudgha
  9600 | D:7      | Reached XP level 9. HP: 49/64 MP: 0/21
 10044 | D:7      | Found a sparkling altar of Nemelex Xobeh.
 10139 | D:7      | Found an iron altar of Okawaru.
 10436 | D:7      | Reached skill level 9 in Spellcasting
 11686 | D:8      | Reached skill level 5 in Necromancy
 12692 | D:7      | Killed an unseen horror
 12692 | D:7      | Reached XP level 10. HP: 40/72 MP: 10/23
 13004 | D:8      | Reached *** piety under Kikubaaqudgha
 13004 | D:8      | Identified Kikubaaqudgha's Tome of Stolen Souls
                  | (Kikubaaqudgha gifted it to you on level 8 of the Dungeon)
 13004 | D:8      | Received a gift from Kikubaaqudgha
 13019 | D:8      | Learned a level 4 spell: Dispel Undead
 13025 | D:8      | Learned a level 5 spell: Agony
 13117 | D:8      | Found a shimmering altar of Xom.
 13228 | D:8      | Found a shattered altar of Ashenzari.
 13729 | D:9      | Noticed a two-headed ogre
 13814 | D:9      | Learned a level 2 spell: Swiftness
 14282 | D:9      | Reached skill level 1 in Poison Magic
 14423 | D:9      | Found a snail-covered altar of Cheibriados.
 14479 | D:9      | Found a basalt altar of Yredelemnul.
 14481 | D:9      | Found a sparkling altar of Nemelex Xobeh.
 14512 | D:9      | Reached skill level 10 in Spellcasting
 14852 | D:9      | Killed a two-headed ogre
 15272 | D:9      | Found a burning altar of Makhleb.
 15434 | D:9      | Found a hazy altar of Hepliaklqana.
 15599 | D:10     | Entered Level 10 of the Dungeon
 16129 | D:10     | Noticed a vault guard
 16167 | D:10     | Noticed a death yak
 16187 | D:10     | Noticed Erica
 16477 | D:10     | Reached **** piety under Kikubaaqudgha
 16896 | D:10     | Noticed a two-headed ogre
 16989 | D:10     | Killed a two-headed ogre
 17215 | D:10     | Reached XP level 11. HP: 76/78 MP: 8/25
 17361 | D:10     | Found a staircase to the Lair.
 17484 | D:10     | Noticed a death yak
 17496 | Lair:1   | Entered Level 1 of the Lair of Beasts
 18160 | Lair:1   | Reached skill level 5 in Stealth
 18244 | Lair:1   | Learned a level 1 spell: Animate Skeleton
 18356 | Lair:1   | Reached skill level 5 in Fighting
 18356 | Lair:1   | Reached skill level 11 in Spellcasting
 19308 | Lair:2   | Noticed a six-headed hydra
 19326 | Lair:2   | Killed a six-headed hydra
 19551 | Lair:2   | Reached skill level 5 in Evocations
 19559 | Lair:2   | Reached ***** piety under Kikubaaqudgha
 19900 | Lair:2   | Noticed a lindwurm
 19918 | Lair:2   | Noticed a four-headed hydra
 20188 | Lair:2   | Reached skill level 5 in Staves
 20864 | Lair:2   | You fall into a shaft and drop 2 floors!
 21065 | Lair:4   | Found a runed translucent door.
 21080 | Lair:4   | Found a shimmering altar of Xom.
 21080 | Lair:4   | Noticed Erphocych's ghost (journeyman DEEE)
 21099 | Lair:4   | Noticed a +4 glaive of chaos
 21110 | Lair:4   | Reached skill level 5 in Dodging
 21117 | Lair:4   | HP: 2/80 [blink frog (16)]
 21141 | Lair:4   | HP: 2/80 [black mamba (6)]
 21145 | Lair:4   | Mangled by a black mamba

Levels and vault maps discovered:
D:1:      elethiomel_arrival_quiet, layout_loops_ring, minmay_crystal_room,
          minmay_split_cup_large
D:2:      cheibrodos_helix_gallery, layout_loops_ring,
          chequers_ecumenical_altar_lobes, uniq_crazy_yiuf_cottage, uniq_jessica
D:3:      layout_basic, fedhas_altar_3, nicolae_overflow_hidden_temple,
          uniq_robin
D:4:      layout_loops_ring, portal_sewer_entry_e
D:5:      layout_gridville, overflow_temple_1_default, lemuel_doored_altar,
          minmay_temple_entry_statues_fountains, first_ration, serial_shops,
          kennysheep_mini
D:6:      layout_loops_ring, kennysheep_mini_moat, old_standard_altar,
          basic_altar, serial_shops, shop, uniq_menkaure, uniq_blork_the_orc
D:7:      lemuel_slime, layout_rooms, okawaru_humans, the_bakery,
          hangedman_feature_mirror
D:8:      layout_rooms, marbit_many_paths, basic_altar, kennysheep_dice
D:9:      layout_small_grid, old_standard_altar, grunt_temple_overflow_open,
          basic_altar
D:10:     layout_roguey, dpeg_lair_monsters, enter_trove_5, uniq_erica
Temple:   zaba_magenta_temple
Lair:1:   layout_cave_pods, lemuel_old_faithful, grunt_megastairs_2,
          infiniplex_staircase_pool_2
Lair:2:   layout_regular_city, minmay_lindwurm_lava
Lair:4:   layout_gridlike, serial_bayou, serial_bayou_pond_d,
          serial_bayou_pond_d, serial_bayou_lagoon_b, serial_bayou_pond_b,
          ebering_ghost_xom, beast_lair_carwin_2, uniq_nessos

Skill      XL: |  1  2  3  4  5  6  7  8  9 10 11 |
---------------+----------------------------------+-----
Conjurations   | 1 2 |  2.8
Spellcasting   | 5 6 7 8 9 10 11 | 11.3
Fighting       | 1 2 3 4 5 |  5.4
Summonings     | 1 2 3 |  3.0
Stealth        | 2 3 4 5 |  5.4
Dodging        | 2 3 4 5 |  5.1
Evocations     | 1 2 3 4 5 |  5.3
Staves         | 1 2 3 4 5 |  5.1
Necromancy     | 1 3 5 7 8 |  8.4
Poison Magic   | 1 |  1.1
Polearms       | |  0.5
Translocations | |  0.7
Air Magic      | |  0.3

Action                   |  1- 3 |  4- 6 |  7- 9 | 10-12 || total
-------------------------+-------+-------+-------+-------++-------
Melee: Unarmed           |     8 |       |       |       ||     8
       Falchion          |    17 |     6 |       |       ||    23
       Club              |     2 |       |       |       ||     2
       Whip              |       |    13 |       |       ||    13
       Spear             |       |    55 |    43 |       ||    98
       Quarterstaff      |       |       |   158 |   146 ||   304
 Cast: Magic Dart        |    67 |    88 |    63 |    29 ||   247
       Call Imp          |    11 |    58 |    45 |    56 ||   170
       Mephitic Cloud    |       |     4 |    18 |    21 ||    43
       Pain              |       |       |   197 |   266 ||   463
       Vampiric Draining |       |       |    75 |   100 ||   175
       Blink             |       |       |     1 |     6 ||     7
       Dispel Undead     |       |       |       |    12 ||    12
       Swiftness         |       |       |       |     4 ||     4
       Animate Skeleton  |       |       |       |     7 ||     7
       Agony             |       |       |       |     2 ||     2
Evoke: Wand              |       |       |     1 |     3 ||     4
  Use: Scroll            |       |     4 |     5 |    13 ||    22
 Stab: Confused          |       |     1 |    11 |     3 ||    15
       Distracted        |       |     1 |       |       ||     1
       Sleeping          |       |       |     2 |     1 ||     3
Armor: Robe              |     6 |    14 |   100 |    84 ||   204
Dodge: Dodged            |    24 |    58 |   197 |   255 ||   534
       Rpst.: Falchion   |     6 |     3 |       |       ||     9

Table legend:
 A = Non-vault XP
 B = Vault XP
 C = Vault XP percentage of total XP
 D = Non-vault monster count
 E = Vault monster count
 F = Vault count percentage of total count
                 A         B        C        D         E       F
            +---------+---------+-------+---------+---------+-------
      Total |   16821 |    2044 |  10.8 |     254 |      60 |  19.1
            +---------+---------+-------+---------+---------+-------
        D:1 |      21 |       4 |  16.0 |      13 |       4 |  23.5
        D:2 |      80 |      43 |  35.0 |      19 |       4 |  17.4
        D:3 |      36 |      22 |  37.9 |      11 |      12 |  52.2
        D:4 |     297 |      20 |   6.3 |      20 |       8 |  28.6
        D:5 |     609 |       0 |   0.0 |      28 |       0 |   0.0
        D:6 |    1044 |     170 |  14.0 |      25 |       2 |   7.4
        D:7 |    1679 |    1376 |  45.0 |      26 |      22 |  45.8
        D:8 |     953 |       8 |   0.8 |      27 |       2 |   6.9
        D:9 |    1627 |       0 |   0.0 |      25 |       0 |   0.0
       D:10 |    3392 |     162 |   4.6 |      29 |       5 |  14.7
     Lair:1 |    1965 |     239 |  10.8 |      10 |       1 |   9.1
     Lair:2 |    4043 |       0 |   0.0 |      17 |       0 |   0.0
     Lair:4 |    1075 |       0 |   0.0 |       4 |       0 |   0.0
            +---------+---------+-------+---------+---------+-------
